AoeStats
← DD人

Arena

509832886Analyzed
4v4 RM · 4d ago on Sep 28, 2026· 50m 43s· 8 players
Game mode
Random Map
Map size
Large (8 player)
Population
200
Speed
Normal
Resources
Standard
Victory
Conquest
Starting age
Dark Age
Ending age
Imperial Age
RankedLock teamsTeams togetherTeam positionsShared explorationLock speedFull tech treeHidden civsTurbo modeCheats
Victory
Defeat
🇨🇳 Khmer · China
1002
+40
🇨🇳 Bulgarians · China
950
+16
🇨🇳 Jurchens · China
916
+17
🇮🇹 Persians · Italy
887
+18
🇸🇪 Italians · Sweden
968
-17
🇨🇳 Spanish · China
960
-17
🇨🇴 Goths · Colombia
944
-16
🇹🇼 Teutons · Taiwan
914
-15
feifei0920097740
2:52 Loom
11:02 Feudal Age
16:11 Castle Age
14:58 Horse Collar
15:11 Gold Mining
15:30 Stone Mining
17:27 Double-Bit Axe
18:18 Bow Saw
19:31 Wheelbarrow
19:42 Heavy Plow
23:35 Fervor
25:27 Hand Cart
27:03 Stone Shaft Mining
31:35 Imperial Age
30:15 Ballistics
31:14 Squires
30:59 Gambesons
31:00 Arson
30:36 Pikeman
31:30 Bloodlines
32:45 Conscription
31:49 Elite Teutonic Knight
31:53 Elite Skirmisher
33:53 Chemistry
33:33 Scale Mail Armor
33:44 Forging
34:15 Crenellations
33:18 Cavalier
35:05 Crop Rotation
37:13 Chain Mail Armor
37:35 Iron Casting
37:47 Halberdier
39:44 Plate Mail Armor
40:14 Blast Furnace
39:06 Fletching
39:16 Padded Archer Armor
39:22 Scale Barding Armor
40:08 Siege Engineers
39:45 Paladin
43:28 Fortified Wall
43:29 Masonry
macke
10:32 Feudal Age
12:04 Double-Bit Axe
14:44 Castle Age
12:39 Horse Collar
17:38 Heavy Plow
19:34 Wheelbarrow
18:48 Loom
20:32 Fletching
21:19 Gold Mining
22:36 Bow Saw
23:30 Hand Cart
24:39 Stone Mining
25:27 Caravan
25:44 Thumb Ring
25:38 Bodkin Arrow
25:43 Padded Archer Armor
26:42 Crossbowman
28:29 Leather Archer Armor
28:37 Town Watch
30:02 Ballistics
29:38 Murder Holes
30:28 Stone Shaft Mining
30:33 Silk Road
34:23 Imperial Age
32:24 Town Patrol
34:17 Scale Mail Armor
34:27 Forging
34:31 Elite Genoese Crossbowman
37:09 Chemistry
36:22 Masonry
35:46 Arbalester
36:21 Pikeman
37:23 Bracer
37:53 Ring Archer Armor
37:39 Chain Mail Armor
39:26 Pirotechnia
38:41 Elite Genoese Crossbowman
40:59 Two-Man Saw
我儿陆振洋
11:01 Feudal Age
12:02 Loom
15:40 Castle Age
13:46 Double-Bit Axe
14:10 Horse Collar
29:08 Heavy Plow
29:21 Bow Saw
34:16 Imperial Age
35:53 Wheelbarrow
35:09 Cavalier
37:00 Two-Man Saw
35:52 Stone Mining
35:52 Gold Mining
36:34 Bloodlines
39:54 Hand Cart
callmebrujo
0:37 Loom
11:09 Feudal Age
16:45 Castle Age
15:30 Double-Bit Axe
16:34 Horse Collar
28:21 Anarchy
28:55 Heavy Plow
32:33 Imperial Age
31:55 Forging
31:46 Scale Mail Armor
31:36 Fletching
31:46 Padded Archer Armor
31:36 Fletching
32:47 Wheelbarrow
31:58 Town Watch
32:32 Gold Mining
32:32 Stone Mining
34:04 Hand Cart
34:12 Conscription
35:20 Chemistry
34:11 Capped Ram
34:29 Pikeman
35:10 Squires
35:27 Leather Archer Armor
34:59 Man-at-Arms
36:05 Perfusion
35:59 Long Swordsman
36:28 Elite Huskarl
36:31 Two-Handed Swordsman
38:05 Iron Casting
37:45 Chain Mail Armor
40:14 Champion
41:54 Crop Rotation
44:45 Chain Mail Armor
48:59 Blast Furnace
47:55 Bodkin Arrow
50:11 Ring Archer Armor
matematicadiscreta
2:59 Loom
11:02 Feudal Age
11:23 Double-Bit Axe
14:35 Loom
17:23 Castle Age
15:16 Horse Collar
16:22 Stone Mining
17:11 Gold Mining
18:26 Padded Archer Armor
18:34 Elite Skirmisher
31:24 Fletching
32:18 Wheelbarrow
34:38 Heavy Plow
37:02 Scale Barding Armor
43:14 Imperial Age
40:53 Thumb Ring
40:37 Crossbowman
41:23 Bodkin Arrow
41:40 Forging
42:50 Kamandaran
43:31 Hand Cart
44:40 Leather Archer Armor
45:02 Iron Casting
45:51 Conscription
46:19 Ballistics
48:23 Chemistry
49:04 Chain Barding Armor
51:38 Blast Furnace
白给
11:23 Feudal Age
12:17 Loom
12:55 Loom
15:37 Castle Age
13:42 Double-Bit Axe
13:59 Horse Collar
27:33 Heavy Plow
27:47 Bow Saw
27:55 Treadmill Crane
29:38 Wheelbarrow
29:02 Gold Mining
32:20 Imperial Age
30:29 Wheelbarrow
30:03 Husbandry
30:16 Bloodlines
30:31 Forging
30:26 Scale Barding Armor
30:59 Gold Shaft Mining
31:25 Ballistics
32:04 Hand Cart
33:27 Conscription
32:37 Elite Steppe Lancer
34:00 Iron Casting
33:45 Chain Barding Armor
34:20 Siege Engineers
35:38 Blast Furnace
34:27 Elite Skirmisher
37:34 Plate Barding Armor
38:14 Chemistry
37:15 Light Cavalry
37:59 Hussar
45:19 Thunderclap Bombs
雪伊⑨
10:51 Feudal Age
11:28 Horse Collar
11:37 Double-Bit Axe
17:34 Castle Age
18:01 Scale Mail Armor
27:24 Imperial Age
27:14 Wheelbarrow
26:24 Loom
27:34 Gold Mining
28:19 Forging
28:15 Scale Barding Armor
28:59 Horse Collar
29:33 Bow Saw
30:09 Iron Casting
29:56 Chain Barding Armor
30:12 Heavy Plow
34:30 Stirrups
34:42 Squires
34:58 Gambesons
37:14 Blast Furnace
36:30 Chain Mail Armor
36:51 Plate Barding Armor
37:47 Hand Cart
37:20 Town Watch
39:39 Arson
42:38 Plate Mail Armor
47:24 Caravan
DD人
12:33 Feudal Age
16:06 Castle Age
15:19 Double-Bit Axe
16:56 Gold Mining
16:58 Stone Mining
20:23 Horse Collar
25:36 Caravan
26:19 Bow Saw
27:45 Scale Barding Armor
27:50 Forging
29:38 Heavy Plow
32:23 Imperial Age
31:05 Bloodlines
30:56 Husbandry
31:22 Chain Barding Armor
31:37 Iron Casting
34:22 Elite Battle Elephant
36:18 Plate Barding Armor
36:18 Iron Casting
38:52 Iron Casting
43:41 Elite Ballista Elephant
50:58 Gold Mining
Connection lost

Rejoining the realm…

Still unreachable

The connection could not be restored.

Session expired

The server has moved on; the page needs a fresh start.